AoeStats
← ITA | MarknighT

Arabia

506814139Analyzed
1v1 RM · 18d ago on Sep 15, 2026· 41m 43s· 2 players
Game mode
Random Map
Map size
Tiny (2 player)
Population
200
Speed
Normal
Resources
Standard
Victory
Conquest
Starting age
Dark Age
Ending age
Imperial Age
RankedLock teamsTeams togetherTeam positionsShared explorationLock speedFull tech treeHidden civsTurbo modeCheats
Victory
Defeat
2036
+12
🇮🇹 Khmer · Italy
1954
-12
ITA | MarknighT
5:42 Loom
8:13 Feudal Age
8:49 Double-Bit Axe
9:09 Horse Collar
12:37 Fletching
20:39 Castle Age
20:43 Crossbowman
21:19 Bodkin Arrow
21:59 Bow Saw
23:04 Scale Barding Armor
23:46 Gold Mining
25:09 Bloodlines
26:11 Town Watch
31:28 Forging
33:44 Wheelbarrow
33:51 Ballistics
35:27 Chain Barding Armor
40:24 Imperial Age
41:15 Gold Shaft Mining
40:36 Cavalier
EMPEROR VASILIY ALIBABAEVICH
7:04 Loom
9:12 Feudal Age
9:47 Double-Bit Axe
19:45 Castle Age
18:23 Bloodlines
18:03 Horse Collar
18:38 Bloodlines
19:02 Scale Barding Armor
19:50 Light Cavalry
28:35 Chain Barding Armor
31:54 Wheelbarrow
31:35 Bow Saw
33:13 Husbandry
33:25 Forging
34:55 Iron Casting
36:53 Hand Cart
39:05 Heavy Plow
38:57 Gold Mining
38:58 Stone Mining
43:17 Imperial Age
Connection lost

Rejoining the realm…

Still unreachable

The connection could not be restored.

Session expired

The server has moved on; the page needs a fresh start.